 Dungeon Crawl Stone Soup version 0.19-a0-1587-gaef70b6 (webtiles) character file.

301 dvd the Stinger (level 6, -4/37 HPs)
             Began as an Octopode Venom Mage on Sept 16, 2016.
             Slain by Duvessa
             ... wielding a +1 short sword of speed
              (10 damage)
             ... on level 4 of the Dungeon.
             The game lasted 00:10:29 (3447 turns).

dvd the Stinger (Octopode Venom Mage)               Turns: 3447, Time: 00:10:30

Health: -4/37      AC:  1    Str:  8    XL:     6   Next: 37%
Magic:  2/11       EV: 13    Int: 19    God:
Gold:   208        SH:  0    Dex: 12    Spells: 2 memorised, 7 levels left

rFire  . . .     SeeInvis .     a - +0 falchion
rCold  . . .     Gourm    .     (no shield)
rNeg   . . .     Faith    .     (helmet restricted)
rPois  .         Spirit   .     (no amulet)
rElec  .         Dismiss  .     (no ring)
rCorr  .         Reflect  .     (no ring)
MR     .....     Harm     .     (no ring)
Stlth  ++++......               (no ring)
                                (no ring)
                                (no ring)
                                (no ring)
                                (no ring)

@: no status effects
A: almost no armour, stealthy swim, amphibious, 8 rings, constrict 8, camouflage
1, gelatinous body 1
a: no special abilities


You were on level 4 of the Dungeon.
You were not hungry.

You visited 1 branch of the dungeon, and saw 4 of its levels.

You collected 208 gold pieces.

Inventory:

Hand Weapons
 a - a +0 falchion (weapon)
 r - a +0 short sword
Wands
 o - a wand of digging (6/24)
 s - a wand of polymorph (10/24)
Scrolls
 c - a scroll of enchant armour {unknown}
 f - 3 scrolls of immolation {unknown}
 g - 2 scrolls of remove curse {unknown}
 i - 2 scrolls of identify {unknown}
 k - a scroll of random uselessness {unknown}
 p - 2 scrolls of teleportation {unknown}
 q - a scroll of amnesia {unknown}
Potions
 e - a potion of heal wounds {unknown}
 h - a potion of haste
 j - a potion of ambrosia {unknown}
 l - a potion of might {unknown}
 n - a potion of flight {unknown}
Books
 d - a Young Poisoner's Handbook

   Spells                             Type                      Level
   a - Sting                          Conjuration/Poison           1
   b - Mephitic Cloud                 Conjuration/Poison/Air       3
   c - Olgreb's Toxic Radiance        Poison                       4
   d - Alistair's Intoxication        Transmutation/Poison         5
   e - Venom Bolt                     Conjuration/Poison           5
Comestibles
 b - 3 bread rations


   Skills:
 + Level 0.4 Fighting
 + Level 1.3(1.4) Short Blades
 + Level 0.8(1.2) Long Blades
 + Level 2.5 Dodging
 + Level 3.6 Stealth
 + Level 3.6 Spellcasting
 + Level 2.1 Conjurations
 + Level 6.1 Poison Magic


You had 7 spell levels left.
You knew the following spells:

 Your Spells              Type           Power        Failure   Level  Hunger
a - Sting                 Conj/Pois      ###.         2%          1    None
b - Olgreb's Toxic Radia  Pois           ####....     12%         4    ####...


Dungeon Overview and Level Annotations

Branches:
Dungeon (4/15)
 Temple: D:4-7

Altars:
Ashenzari

Annotations:
D:3 Natasha; dvd's ghost, amateur OpVM
D:4 Duvessa


Innate Abilities, Weirdness & Mutations

You cannot wear most types of armour.
You are very stealthy in the water.
You are amphibious.
You can wear up to eight rings at the same time.
You can use your tentacles to constrict eight enemies at once.
Your skin changes colour to match your surroundings (Stealth+).
Your rubbery body absorbs attacks. (AC +1, EV +1)


Message History

Unknown command.
Casting: Olgreb's Toxic Radiance
Confirm with . or Enter, or press ? or * to list all spells.
Aiming: Sting
Press: ? - help, Shift-Dir - straight line, f - Duvessa
Aim: Duvessa, wielding a short sword of speed and wearing a leather armour (heavily wounded, berserk, fast, unusually strong)
The sting hits Duvessa.
Duvessa is heavily wounded.
Duvessa hits you with a short sword of speed!
Casting: Sting
Confirm with . or Enter, or press ? or * to list all spells.
Aiming: Sting
Press: ? - help, Shift-Dir - straight line, f/p - Duvessa
Aim: Duvessa, wielding a short sword of speed and wearing a leather armour (heavily wounded, berserk, fast, unusually strong)
The sting hits Duvessa.
Duvessa is heavily wounded.
Duvessa hits you with a short sword of speed!
* * * LOW HITPOINT WARNING * * *
Duvessa hits you with a short sword of speed!
You die...

#.......#.....#
#.......#.....#
#.......#.....+
#.....).#.....#
#.......#.....#
#.......#
#.......######
###....
#######e.....#
#...... #@.....#
#...... #......#
#...... #......#
#...... #......#
#...... #......#
#...... #......#
#...... #......#
#......
#......#####......
#................#


You could see Duvessa (berserk).

Vanquished Creatures
  Dowan (D:4)
  A howler monkey (D:4)
  A hound (D:4)
  Natasha (D:3)
  An iguana (D:4)
  Robin (D:3)
  3 adders
  2 oozes
  2 dart slugs (D:2)
  8 orcs
  5 bats
  7 giant cockroaches
  10 hobgoblins
  4 jackals (D:3)
  A ball python (D:2)
  A frilled lizard (D:2)
  12 goblins
  5 kobolds
  8 rats
74 creatures vanquished.

Notes
Turn   | Place    | Note
-------+----------+-------------------------------------------
     0 | D:1      | dvd the Octopode Venom Mage began the quest for the Orb.
     0 | D:1      | Reached XP level 1. HP: 11/11 MP: 3/3
    99 | D:1      | Reached skill level 5 in Poison Magic
   316 | D:1      | Reached XP level 2. HP: 17/17 MP: 3/5
  1171 | D:2      | Reached XP level 3. HP: 19/21 MP: 2/6
  1388 | D:2      | Found a shattered altar of Ashenzari.
  2305 | D:2      | Reached XP level 4. HP: 27/27 MP: 7/7
  2320 | D:2      | Learned a level 4 spell: Olgreb's Toxic Radiance
  2387 | D:3      | Noticed Natasha
  2393 | D:3      | Killed Natasha
  2393 | D:3      | Reached skill level 1 in Short Blades
  2393 | D:3      | Reached skill level 1 in Conjurations
  2584 | D:3      | Noticed dvd's ghost (amateur OpVM)
  2586 | D:3      | Noticed Natasha
  2620 | D:3      | Noticed Robin
  2737 | D:3      | Killed Robin
  2741 | D:3      | Reached XP level 5. HP: 29/31 MP: 1/9
  3139 | D:4      | Reached skill level 6 in Poison Magic
  3241 | D:4      | Reached XP level 6. HP: 37/37 MP: 1/10
  3427 | D:4      | Noticed Duvessa
  3428 | D:4      | Noticed Dowan
  3442 | D:4      | Killed Dowan
  3447 | D:4      | Slain by Duvessa

Vault maps used:
D:1:      saegor_arrival_simple_e
D:2:      evilmike_ruin_ashenzari, minmay_misc_feat_square
D:3:      uniq_robin, uniq_natasha
D:4:      first_bread, trog_butcher_becter, uniq_sigmund, uniq_duvessa

Skill      XL: |  1  2  3  4  5  6 |
---------------+-------------------+-----
Poison Magic   | 5 6 |  6.1
Stealth        | 3 |  3.6
Short Blades   | 1 |  1.3
Conjurations   | 1 2 |  2.1
Spellcasting   | 3 |  3.6
Fighting       | |  0.4
Long Blades    | |  0.8
Dodging        | |  2.5

Action                   |  1- 3 |  4- 6 || total
-------------------------+-------+-------++-------
Melee: Unarmed           |     6 |       ||     6
       Tentacles         |     3 |     4 ||     7
       Constrict         |     7 |     9 ||    16
       Short sword       |    24 |    35 ||    59
       Falchion          |       |     3 ||     3
 Cast: Sting             |    59 |    25 ||    84
       Olgreb's Toxic Ra |       |    13 ||    13
  Use: Potion            |     1 |       ||     1
 Stab: Sleeping          |     2 |     1 ||     3
       Distracted        |       |     1 ||     1
  Eat: Chunk             |     4 |     7 ||    11
Armor: Skin              |     9 |     3 ||    12
Dodge: Dodged            |    35 |    39 ||    74
